 Dungeon Crawl Stone Soup version 0.23-a0-208-gb6b040f (webtiles) character file.

226 grindst0ne the Changer (level 5, -4/39 HPs)
             Began as a Demigod Transmuter on Sept 25, 2018.
             Killed by divine providence
             ... invoked by an orc priest
              (12 damage)
             ... on level 3 of the Dungeon.
             The game lasted 00:05:42 (2594 turns).

grindst0ne the Changer (Demigod Transmuter)         Turns: 2594, Time: 00:05:43

Health: -4/39      AC:  6    Str: 13    XL:     5   Next: 41%
Magic:  10/10      EV: 12    Int: 17    God:
Gold:   133        SH:  0    Dex: 18    Spells: 1/7 levels left

rFire    . . .     SeeInvis .     - Unarmed
rCold    . . .     Gourm    .   (no shield)
rNeg     . . .     Faith    .   b - +0 robe
rPois    .         Spirit   .   (no helmet)
rElec    .         Reflect  .   k - +2 cloak
rCorr    .         Harm     .   o - +0 pair of gloves (curse)
MR       .....                  (no boots)
Stlth    ++........             (no amulet)
HPRegen  0.13/turn              (no ring)
MPRegen  0.12/turn              (no ring)

@: no status effects
A: high mp 1
a: no special abilities


You were on level 3 of the Dungeon.
You were very hungry.

You visited 1 branch of the dungeon, and saw 3 of its levels.

You collected 133 gold pieces.

Inventory:

Missiles
 a - 68 arrows
Armour
 b - a +0 robe (worn)
 k - a +2 cloak (worn)
 o - a cursed +0 pair of gloves (worn)
Scrolls
 c - 2 scrolls of enchant weapon {unknown}
 f - 2 scrolls of magic mapping {unknown}
 g - 2 scrolls of blinking {unknown}
 j - a scroll of teleportation {unknown}
 l - a scroll of identify {unknown}
 m - 2 scrolls of remove curse {unknown}
Potions
 e - 2 potions of curing {unknown}
 h - a potion of resistance {unknown}
 i - a potion of lignification {unknown}
 n - a potion of mutation {unknown}


   Skills:
 - Level 0.8 Fighting
 - Level 1.7 Dodging
 - Level 2.6 Unarmed Combat
 - Level 1.7 Spellcasting
 + Level 5.5 Transmutations


You had one spell level left.
You knew the following spells:

 Your Spells              Type           Power        Failure   Level  Hunger
a - Beastly Appendage     Tmut           ###...       1%          1    #......
b - Sticks to Snakes      Tmut           ###.....     3%          2    ###....
c - Spider Form           Tmut/Pois      ##........   19%         3    ###....

Your spell library contained the following spells:

 Spells                   Type           Power        Failure   Level  Hunger
 Blade Hands              Tmut           ###.......   50%         5    ######.
 Ice Form                 Ice/Tmut       ##......     54%         4    #####..


Dungeon Overview and Level Annotations

Branches:
Dungeon (3/15)

Annotations:
D:1 exclusion: downstairs


Innate Abilities, Weirdness & Mutations

You have an increased reservoir of magic. (+10% MP)


Message History

The orc priest shouts!
The orc priest mumbles some strange prayers to Beogh against you.
Beogh smites you!
You swap places.
You are feeling very hungry.
The orc priest looks satisfied for a moment.
The orc priest hits you from afar with a trident!
* * * LOW HITPOINT WARNING * * *
Your ball python bites the orc priest.
Your ball python barely misses the orc priest.
Your ball python bites the orc priest.
Your ball python barely misses the orc priest.
The orc priest hits your ball python with a trident.
Your ball python bites the orc priest.
Your ball python closely misses the orc priest.
The orc priest hits your ball python with a trident!
Your ball python dies!
The orc priest calls down the wrath of Beogh upon you.
Beogh smites you!
You die...

#.######...#.).######
#.........###[........
########...#...#######
##.####..#.####
#####........<.#
............)###
####.#.####.#
##.#####.# #.....@..#
#o######## #.# #.#
#########.#
#.oS....#.#
#.#####.#.## #.#
#....# #.# #..#.#


You could see an orc priest.

Vanquished Creatures
  Sigmund (D:2)
  An orc priest (D:3)
  An adder (D:2)
  An ooze (D:1)
  2 dart slugs (D:1)
  6 leopard geckos
  2 orcs
  A giant cockroach (D:1)
  4 goblins
  2 hobgoblins (D:1)
  3 jackals (D:2)
  2 kobolds
  3 bats
  A frilled lizard (D:1)
  6 rats
36 creatures vanquished.

Vanquished Creatures (collateral kills)
  An orc wizard (D:1)
  An ooze (D:1)
  An orc (D:1)
  A kobold (D:1)
4 creatures vanquished.

Grand Total: 40 creatures vanquished

Notes
Turn   | Place    | Note
-------+----------+-------------------------------------------
     0 | D:1      | grindst0ne the Demigod Transmuter began the quest for the
                  | Orb.
     0 | D:1      | Reached XP level 1. HP: 15/15 MP: 5/5
    33 | D:1      | Reached skill level 2 in Transmutations
   291 | D:1      | Reached XP level 2. HP: 22/22 MP: 7/7
   295 | D:1      | Learned a level 2 spell: Sticks to Snakes
   941 | D:1      | Reached skill level 3 in Transmutations
  1252 | D:2      | Noticed Sigmund
  1312 | D:1      | Reached XP level 3. HP: 10/27 MP: 2/8
  1533 | D:2      | Killed Sigmund
  1533 | D:2      | Reached skill level 5 in Transmutations
  1533 | D:2      | Reached XP level 4. HP: 10/34 MP: 0/9
  1533 | D:2      | Reached XP level 5. HP: 12/39 MP: 0/10
  1745 | D:2      | Learned a level 3 spell: Spider Form
  2594 | D:3      | Killed from afar by an orc priest

Vault maps used:
D:1:      dpeg_arrival_pond
D:2:      uniq_sigmund

Skill      XL: |  1  2  3 |
---------------+----------+-----
Transmutations | 2 3 5 |  5.5
Fighting       | |  0.8
Dodging        | |  1.7
Unarmed Combat | |  2.6
Spellcasting   | |  1.7

Action                   |  1- 3 |  4- 6 || total
-------------------------+-------+-------++-------
Melee: Unarmed           |    89 |    56 ||   145
       Kick              |     7 |    11 ||    18
       Headbutt          |     5 |     4 ||     9
       Punch             |     1 |       ||     1
 Cast: Beastly Appendage |    13 |     7 ||    20
       Sticks to Snakes  |     6 |     3 ||     9
 Stab: Sleeping          |     1 |       ||     1
  Eat: Chunk             |     1 |     1 ||     2
       Ration            |     1 |       ||     1
Armor: Robe              |    24 |    14 ||    38
Dodge: Dodged            |    56 |    31 ||    87

Table legend:
 A = Non-vault XP
 B = Vault XP
 C = Vault XP percentage of total XP
 D = Non-vault monster count
 E = Vault monster count
 F = Vault count percentage of total count
                 A         B        C        D         E       F
            +---------+---------+-------+---------+---------+-------
      Total |     160 |     163 |  50.5 |      39 |       1 |   2.5
            +---------+---------+-------+---------+---------+-------
        D:1 |      81 |       0 |   0.0 |      22 |       0 |   0.0
        D:2 |      37 |     163 |  81.5 |      13 |       1 |   7.1
        D:3 |      42 |       0 |   0.0 |       4 |       0 |   0.0
            +---------+---------+-------+---------+---------+-------
